 Dungeon Crawl Stone Soup version 0.28-a0-932-g843f935a50 (webtiles) character file.

Game seed: 2401438258595990077

30 Lavandula the Sneak (level 3, -3/27 HPs)
             Began as a Vine Stalker Brigand on Nov 27, 2021.
             Succumbed to Jessica's poison
             ... on level 2 of the Dungeon.
             The game lasted 00:02:59 (1421 turns).

Lavandula the Sneak (Vine Stalker Brigand)          Turns: 1421, Time: 00:03:00

Health: -3/27      AC: 21    Str: 13    XL:     3   Next: 18%
Magic:  0/4        EV:  2    Int: 11    God:
Gold:   51         SH:  0    Dex: 16    Spells: 2/2 levels left

rFire   . . .      SeeInvis .   a - +2 dagger
rCold   . . .      Faith    .   (no shield)
rNeg    . . .      Spirit   +   (armour currently unavailable)
rPois   +          Reflect  .   (helmet currently unavailable)
rElec   .          Harm     .   (cloak currently unavailable)
rCorr   .          Rampage  .   (gloves currently unavailable)
Will    .....      NoTele   +   (boots currently unavailable)
Stlth   +++.......              (no amulet)
HPRegen 0.09/turn               (no ring)
MPRegen 0.09/turn               (no ring)

@: lethally poisoned (-3 -> -22), tree-form
A: stationary, stasis, torment immunity, boosted hp, (fangs 2), magic shield,
(antimagic bite), no potion heal 2
a: no special abilities


You were on level 2 of the Dungeon.
You were a tree.
You visited 1 branch of the dungeon, and saw 2 of its levels.

You collected 51 gold pieces.

Inventory:

Hand Weapons
 a - a +2 dagger (weapon)
Missiles
 d - 8 poisoned darts (quivered)
 i - 6 boomerangs
Armour
 b - a +0 robe (melded)
 c - a +0 cloak (melded)
Scrolls
 f - 4 scrolls of identify {unknown}
 h - a scroll of torment {unknown}


   Skills:
 - Level 1.7 Fighting
 + Level 3.2 Short Blades
 - Level 1.7 Throwing
 - Level 0.7 Dodging
 - Level 4.8 Stealth


You had 2 spell levels left.
You didn't know any spells.
Your spell library was empty.

Dungeon Overview and Level Annotations

Branches:
Dungeon (2/15)

Altars:

Annotations:
D:2 Jessica


Innate Abilities, Weirdness & Mutations

You are a tree.
Your roots penetrate the ground, keeping you stationary.
You cannot be teleported.
You are immune to unholy pain and torment.
Your maximum health is greatly increased.
Your equipment is partially melded.
((You have extremely sharp teeth.))
When hurt, damage is shared between your health and your magic reserves.
((Your bite disrupts and absorbs the magic of your enemies.))
Potions cannot restore your health.


Message History

You aren't carrying any potions.
Unknown command.
Okay, then.
Okay, then.
You closely miss Jessica.
Jessica is heavily wounded.
You feel very sick. Jessica hits you but does no damage.
You closely miss Jessica.
Jessica is heavily wounded.
You feel sick.
Jessica gestures wildly.
Jessica hits you but does no damage.
You hit Jessica.
Jessica is severely wounded.
* * * LOW HITPOINT WARNING * * *
You feel sick.
Jessica mumbles some strange words.
Jessica seems to speed up.
You barely miss Jessica.
Jessica is heavily wounded.
* * * LOW HITPOINT WARNING * * *
You feel sick. Jessica barely misses you.
The adder bites you but does no damage.
You closely miss Jessica.
Jessica is heavily wounded.
* * * LOW HITPOINT WARNING * * *
You feel sick.
Jessica looks very angry.
Jessica hits you with a +2 dagger of venom.
* * * LOW HITPOINT WARNING * * *
You are more poisoned.
The adder bites you but does no damage.
Sorry, you're not good enough to have a special ability.
Unknown command.
You aren't carrying any potions.
Unknown command.
You hit Jessica.
Jessica is almost dead.
You die...

##....#>#..##.####
.##
.###.....≈.≈.........
....
..<......≈.≈..##.##.#
#.. #......<.#
#..##.##†# ...
#.....S..#
#..##.##.###.## #
####...#.#
#..##.#.#.#...#.#
#... .#
#......###......#
#...
.#.#S.##...#.#.....#
....#
.#(@♣.##...........#
.....
.###..##.##.###.#.##
#####. ##
#........###....## #.
##.#..........#...
...........<...##
################


You could see an adder and Jessica (fast).

Vanquished Creatures
  A worm (D:2)
  3 endoplasms (D:1)
  2 giant cockroaches (D:1)
  2 goblins (D:1)
  4 ball pythons (D:1)
  2 bats (D:1)
  3 frilled lizards (D:1)
  5 kobolds (D:1)
  4 rats (D:1)
26 creatures vanquished.

Notes
Turn   | Place    | Note
-------+----------+-------------------------------------------
     0 | D:1      | Lavandula the Vine Stalker Brigand began the quest for the
                  | Orb.
     0 | D:1      | Reached XP level 1. HP: 11/11 MP: 2/2
   158 | D:1      | Reached XP level 2. HP: 15/15 MP: 3/3
   471 | D:1      | Found a faded altar of an unknown god.
  1181 | D:1      | Reached XP level 3. HP: 18/18 MP: 4/4
  1289 | D:2      | Noticed Jessica
  1420 | D:2      | HP: 1/27 [Jessica (3)]
  1421 | D:2      | Succumbed to Jessica's poison

Illustrated notes

Levels and vault maps discovered:
D:1:      erik_arrival_cave_to_civilisation [erik_arrival_cave_to_hall],
          layout_loops_corners, basic_ecumenical_altar,
          minmay_misc_feat_diagonals, wad_floor_pattern_untrapped, nrook_uturn,
          hangedman_decor_growths, minmay_hedge_maze, st_stairs_6,
          minmay_tripent
D:2:      layout_loops_ring, serial_shops, nicolae_shop_hallway_stairs,
          roderic_three_in_a_row, uniq_jessica, uniq_robin, uniq_sigmund

Skill      XL: |  1  2 |
---------------+-------+-----
Short Blades   | 2 3 |  3.2
Fighting       | |  1.7
Throwing       | |  1.7
Dodging        | |  0.7
Stealth        | |  4.8

Action                   || total
-------------------------++-------
Melee: Dagger            ||    63
       Bite              ||     9
Throw: Dart              ||     2
  Use: Potion            ||     1
 Stab: Sleeping          ||     9
Armor: Robe              ||    16
       Skin              ||     6
Dodge: Dodged            ||    27

Table legend: (Time is in decaauts)
 A = Elapsed time spent in this place.
 B = Non-inter-level travel time spent in this place.
 C = Inter-level travel time spent in this place.
 D = Time resting spent in this place.
 E = Time spent auto-exploring this place.
 F = Levels seen in this place.
 G = Mean time per level.
                   A        B        C        D        E       F      G
               +--------+--------+--------+--------+--------+-----+--------+
         Total |   1413 |   1298 |    115 |      0 |   1099 |   2 |  706.5 |
       Dungeon |   1413 |   1298 |    115 |      0 |   1099 |   2 |  706.5 |
               +--------+--------+--------+--------+--------+-----+--------+

Top non-repeatable levels by time:
     D:1: 1372 daAuts
     D:2: 40 daAuts
